 Dungeon Crawl Stone Soup version 0.17-a0-2231-gd80ca38 (webtiles) character file.

391 Impoz the Shooter (level 6, -5/43 HPs)
             Began as a High Elf Hunter on Oct 13, 2015.
             Slain by Grinder (6 damage)
             ... while paralysed by Grinder
             ... on level 3 of the Dungeon on Oct 29, 2015.
             The game lasted 00:19:23 (3071 turns).

Impoz the Shooter (High Elf Hunter)                 Turns: 3071, Time: 00:19:23

Health: -5/43      AC:  6    Str: 11    XL:     6   Next: 50%
Magic:  7/7        EV:  2    Int: 16    God:
Gold:   164        SH:  0    Dex: 17    Spells: 0 memorised, 5 levels left

rFire  . . .     SeeInvis .     a - +1 shortbow
rCold  . . .     Clarity  .     d - +0 leather armour
rNeg   . . .     SustAt   .     (no shield)
rPois  .         Gourm    .     (no helmet)
rElec  .         Spirit   .     y - +2 cloak
rCorr  .         Warding  .     (no gloves)
rMut   .         Stasis   .     (no boots)
MR     .....                    (no amulet)
Stlth  ++........               (no ring)
                                h - ring of flight

@: paralysed, not resistant to hostile enchantments, unstealthy
A: no striking features
a: Evoke Flight


You were on level 3 of the Dungeon.
You were hungry.

You visited 1 branch of the dungeon, and saw 3 of its levels.

You collected 164 gold pieces.

Inventory:

Hand Weapons
 a - a +1 shortbow (weapon)
 c - a +0 short sword
 t - a +0 spear
Missiles
 b - 14 arrows (quivered)
 i - 2 steel javelins
 z - 2 tomahawks
Armour
 d - a +0 leather armour (worn)
 v - a +2 cloak
 y - a +2 cloak (worn)
Jewellery
 h - a ring of flight (left hand)
Scrolls
 g - a scroll of noise {unknown}
 l - 2 scrolls of teleportation {unknown}
 m - a scroll of recharging {unknown}
 o - a scroll of immolation {unknown}
 p - 2 scrolls of identify {unknown}
 q - a scroll of enchant weapon {unknown}
 x - 4 scrolls of remove curse {unknown}
 A - a scroll of random uselessness {unknown}
Potions
 f - a potion of degeneration {unknown}
 j - 2 potions of agility {unknown}
 k - 4 potions of curing
 n - a potion of brilliance {unknown}
 r - a potion of heal wounds {unknown}
 u - a potion of poison {unknown}
 B - a potion of flight {unknown}
Comestibles
 e - 5 bread rations
 s - a meat ration
 w - a royal jelly


   Skills:
 + Level 4.2 Fighting
 - Level 1.0 Short Blades
 + Level 7.4 Bows
 + Level 4.5 Dodging
 - Level 1.1 Stealth


You had 5 spell levels left.
You didn't know any spells.

Dungeon Overview and Level Annotations

Branches:
Dungeon (3/15)

Altars:
Ashenzari

Annotations:
D:3 Grinder


Message History

Press: ? - help, Shift-Dir - straight line, f/p - Grinder
Aim: Grinder (lightly wounded)
You shoot an arrow.
The arrow hits Grinder but does no damage.
Grinder is lightly wounded.
Grinder gestures at you.
You suddenly lose the ability to move!
Grinder hits you!
You writhe in agony.
* * * LOW HITPOINT WARNING * * *
Grinder hits you.
* * * LOW HITPOINT WARNING * * *
Grinder hits you.
* * * LOW HITPOINT WARNING * * *
You writhe in agony.
* * * LOW HITPOINT WARNING * * *
Grinder hits you but does no damage. Grinder hits you.
* * * LOW HITPOINT WARNING * * *
You writhe in agony.
You die...

####.#.# #...........# #
#.#.# #.#####.##.## # ##.#@#
#.# #.# .# # #....### ####
#.#####.# +# ###..#...###...#
#.......#
.......#..#..#..####(######..
###.#.###...###..##.(#
###....#..#..#......[####
'...............@5..>...+
###.......###.##.#...#### #
#......###...#†.....#
##...#..#(.#...####.#
#..###...###..## .#
##..#..#..#....# .#
##...###...#..# .# #..##
#####..... #.## ##.####


You could see Grinder.

Vanquished Creatures
  Sigmund (D:3)
  An orc wizard (D:3)
  Crazy Yiuf (D:2)
  Jessica (D:2)
  7 adders
  A shadow imp (D:3)
  An ooze (D:3)
  2 worms
  A giant gecko (D:2)
  4 orcs (D:3)
  6 giant cockroaches
  5 goblins
  6 hobgoblins
  A ball python (D:3)
  7 bats
  4 giant newts
  6 jackals
  4 kobolds
  2 quokkas (D:3)
  10 rats
71 creatures vanquished.

Notes
Turn   | Place    | Note
--------------------------------------------------------------
     0 | D:1      | Impoz the High Elf Hunter began the quest for the Orb.
     0 | D:1      | Reached XP level 1. HP: 14/14 MP: 2/2
    67 | D:1      | Reached skill level 1 in Short Blades
   123 | D:1      | Reached XP level 2. HP: 12/19 MP: 3/3
   464 | D:1      | Upgraded the game from 0.17-a0-2064-g265a032 to 0.17-a0-2231-gd80ca38
   995 | D:2      | Reached XP level 3. HP: 21/25 MP: 4/4
  1066 | D:2      | Found a shattered altar of Ashenzari.
  1485 | D:2      | Noticed Crazy Yiuf
  1733 | D:2      | Noticed Jessica
  1738 | D:2      | Killed Jessica
  1738 | D:2      | Reached skill level 6 in Bows
  1738 | D:2      | Reached XP level 4. HP: 15/31 MP: 5/5
  1829 | D:2      | Killed Crazy Yiuf
  2209 | D:3      | Reached XP level 5. HP: 34/36 MP: 6/6
  2734 | D:3      | Noticed Sigmund
  2777 | D:3      | Killed Sigmund
  2777 | D:3      | Reached skill level 7 in Bows
  2777 | D:3      | Reached XP level 6. HP: 25/43 MP: 7/7
  3024 | D:3      | Noticed Grinder
  3066 | D:3      | Paralysed by Grinder for 6 turns
  3071 | D:3      | HP: 1/43 [Grinder (6)]
  3071 | D:3      | Slain by Grinder

Vault maps used:
D:1:      dpeg_chamrin_arrival_tetris
D:2:      marbit_many_paths, uniq_jessica, uniq_crazy_yiuf_cottage
D:3:      first_bread, minmay_strange_pillars, uniq_grinder, uniq_iyjb,
          uniq_sigmund

Action                   |  1- 3 |  4- 6 || total
-------------------------+-------+-------++-------
Melee: Short sword       |   117 |    97 ||   214
 Fire: Shortbow          |    14 |    95 ||   109
Throw: Javelin           |     5 |     6 ||    11
       Tomahawk          |       |     6 ||     6
  Use: Potion            |     1 |     2 ||     3
 Stab: Sleeping          |     1 |     1 ||     2
  Eat: Chunk             |     2 |     4 ||     6
